 Dungeon Crawl Stone Soup version 0.29.1-12-g30fa7ad0bf (webtiles) character file.

Game seed: 9664048363821034351

282 KittyFluff the Cudgeller (level 6, -1/57 HPs)
             Began as a Gargoyle Berserker on Jan 4, 2023.
             Was a Priest of Trog.
             Slain by a gnoll
             ... wielding a +0 halberd
              (6 damage)
             ... on level 3 of the Dungeon.
             The game lasted 00:17:11 (3714 turns).

KittyFluff the Cudgeller (Gargoyle Berserker)       Turns: 3714, Time: 00:17:12

Health: -1/57      AC:  8    Str: 21    XL:     6   Next: 28%
Magic:  6/6        EV: 12    Int:  7    God:    Trog [***...]
Gold:   177        SH:  0    Dex: 11    Spells: 5/5 levels left

rFire   . . .      SeeInvis .   a - +0 mace
rCold   . . .      Faith    .   (no shield)
rNeg    + . .      Spirit   .   q - +0 leather armour
rPois   ∞          Reflect  .   (no helmet)
rElec   +          Harm     .   (no cloak)
rCorr   .          Rampage  .   x - +0 pair of gloves
Will    .....                   (no boots)
Stlth   ..........              (no amulet)
HPRegen 0.19/turn               (no ring)
MPRegen 0.10/turn               (no ring)

@: berserking (expiring), very quick
A: sickness immunity, AC +4, negative energy resistance 1, electricity
resistance, torment resistance 1, petrification resistance
a: Renounce Religion, Berserk, Trog's Hand


You were on level 3 of the Dungeon.
You worshipped Trog.
Trog was most pleased with you.
You visited 1 branch of the dungeon, and saw 3 of its levels.
You also visited: Sewer.

You collected 177 gold pieces.

Inventory:

Hand Weapons
 a - a +0 mace (weapon)
 f - a +0 sling
 s - the +4 trident of Red Wine {drain, *Corrode Drain rPois SInv}
   (You found it in a sewer)

   A truly terrible weapon, it drains the life of any living foe it strikes.
   rPois:     It protects you from poison.
   SInv:      It lets you see invisible.
   *Corrode:  It may corrode you when you take damage.
   Drain:     It drains your maximum health when unequipped.
Missiles
 c - 38 stones (quivered)
Armour
 l - a +0 ring mail
 q - a +0 leather armour (worn)
 x - a +0 pair of gloves (worn)
Scrolls
 b - 3 scrolls of identify
 d - 2 scrolls of amnesia {unknown}
 g - a scroll of enchant armour {unknown}
 h - a scroll of fear {unknown}
 i - 4 scrolls of teleportation
 o - 4 scrolls of poison {unknown}
 p - a scroll of blinking
 v - a scroll of enchant weapon {unknown}
 w - a scroll of immolation {unknown}
Potions
 e - a potion of haste
 j - a potion of attraction
 k - a potion of heal wounds
 m - a potion of brilliance {unknown}
 n - a potion of mutation {unknown}
 r - 4 potions of flight
 t - a potion of resistance {unknown}
 u - a potion of lignification {unknown}


   Skills:
 + Level 4.2 Fighting
 + Level 4.8 Maces & Flails
 + Level 2.4 Ranged Weapons
 * Level 3.1 Armour
 + Level 2.3 Dodging
 + Level 0.5 Stealth


You had 5 spell levels left.
You didn't know any spells.
Your spell library was empty.

Dungeon Overview and Level Annotations

Branches:
Dungeon (3/15)              Sewer (visited)

Altars:

Shops:
D:3 (


Innate Abilities, Weirdness & Mutations

You are immune to sickness and miasma.
Your stone body is resilient. (AC +4)
You are immune to poison.
You resist negative energy. (rN+)
You are resistant to electric shocks. (rElec)
You are resistant to unholy torment.
You are immune to petrification.


Message History

The adder is severely wounded.
The gnoll hits you from afar with a +0 halberd.
* * * LOW HITPOINT WARNING * * *
The adder bites you but does no damage.
You closely miss the adder.
The adder is severely wounded.
The gnoll closely misses you.
You miss the adder.
The adder is severely wounded.
The adder misses you. The gnoll closely misses you.
The adder bites you but does no damage.
You miss the adder.
The adder is severely wounded.
The adder bites you but does no damage. The gnoll closely misses you.
You hit the adder.
The adder is severely wounded.
The adder misses you.
You closely miss the adder.
The adder is severely wounded.
The gnoll hits you from afar with a +0 halberd.
* * * LOW HITPOINT WARNING * * *
The adder bites you but does no damage.
You barely miss the adder.
The adder is severely wounded.
The gnoll hits you from afar with a +0 halberd.
* * * LOW HITPOINT WARNING * * *
The adder bites you.
* * * LOW HITPOINT WARNING * * *
You closely miss the adder.
The adder is severely wounded.
The gnoll closely misses you. The adder completely misses you.
You closely miss the adder.
The adder is severely wounded.
The adder bites you but does no damage.
You sock the adder!
You kill the adder!
Trog accepts your kill. The gnoll barely misses you.
The gnoll hits you with a +0 halberd.
You die...

.# ...# ... .. #.#
.# ...# #.#
#..#.#.#.#. .+...
#.# #..#.#.....
.#.#'##
#.###..#...g.
.......
#.##.......####
.#..###
##.#..#.g.......
.#..... ......#g#
.##.### #...#.#g#
.##.# #...#.#@#
..#.# ###...#.#.#
#...####.....#.#.#
##..##...###.#.#.###
##>...### #.#.#...#
#...#### #.#.###.#
#....# #.......#
#...)# ###.#####
#....# #.#


You could see 3 gnolls.

Vanquished Creatures
  An iguana (D:3)
  A merfolk siren (Sewer)
  A merfolk avatar (Sewer)
  A gnoll (D:3)
  8 adders
  3 river rats (Sewer)
  2 worms (D:3)
  A dart slug (D:1)
  4 orcs (D:3)
  12 ball pythons
  6 bats
  6 endoplasms
  2 giant cockroaches (Sewer)
  5 goblins
  9 hobgoblins
  2 jackals (D:1)
  2 quokkas
  6 frilled lizards
  27 rats
99 creatures vanquished.

Notes
Turn   | Place    | Note
-------+----------+-------------------------------------------
     0 | D:1      | KittyFluff the Gargoyle Berserker began the quest for the
                  | Orb.
     0 | D:1      | Reached XP level 1. HP: 14/14 MP: 1/1
   129 | D:1      | Reached XP level 2. HP: 19/19 MP: 2/2
   170 | D:1      | Found a faded altar of an unknown god.
   661 | D:1      | Reached XP level 3. HP: 20/24 MP: 3/3
  1847 | D:2      | Reached XP level 4. HP: 29/29 MP: 4/4
  2208 | D:3      | Reached ** piety under Trog
  2240 | D:3      | Found a glowing drain.
  2286 | Sewer    | Entered a sewer
  2530 | Sewer    | Reached skill level 1 in Ranged Weapons
  2530 | Sewer    | Reached XP level 5. HP: 33/33 MP: 5/5
  2852 | Sewer    | Noticed a malarious merfolk avatar
  2858 | Sewer    | Reached *** piety under Trog
  2869 | Sewer    | Killed a malarious merfolk avatar
  3017 | Sewer    | Identified the +4 trident of Red Wine {drain, *Corrode
                  | Drain rPois SInv}
  3467 | D:3      | Reached XP level 6. HP: 38/38 MP: 6/6
  3530 | D:3      | Found Soziaz's Weapon Shop.
  3714 | D:3      | Slain by a gnoll

Illustrated notes

Levels and vault maps discovered:
D:1:      scummos_arrival_checkerplants, layout_basic,
          hellmonk_ecumenical_altar_pennies_from_heaven
D:2:      layout_basic
D:3:      layout_basic, serial_shops, nicolae_shop_statue_plus,
          cheibrodos_sewer_entry_sluice, minmay_misc_feat_five

Skill      XL: |  1  2  3  4  5  6 |
---------------+-------------------+-----
Dodging        | 2 |  2.3
Maces & Flails | 4 |  4.8
Fighting       | 4 |  4.2
Armour         | 3 |  3.1
Ranged Weapons | 1 2 |  2.4
Stealth        | |  0.5

Action                   |  1- 3 |  4- 6 || total
-------------------------+-------+-------++-------
Melee: Mace              |   109 |   201 ||   310
       Punch             |       |     3 ||     3
 Fire: Sling             |       |    47 ||    47
Invok: Berserk           |       |     1 ||     1
  Use: Scroll            |       |     4 ||     4
 Stab: Sleeping          |       |     1 ||     1
Armor: Animal skin       |    33 |     7 ||    40
       Leather armour    |       |    70 ||    70
Dodge: Dodged            |    85 |   170 ||   255
